 Dungeon Crawl Stone Soup version 0.28-a0-863-g8cecda6153 (webtiles) character file.

Game seed: 17650940268276359168

198 patchburns1 the Skirmisher (level 5, -4/47 HPs)
             Began as a Hill Orc Fighter on Nov 17, 2021.
             Killed by nerve-wracking pain
             ... invoked by Menkaure
              (14 damage)
             ... on level 4 of the Dungeon.
             The game lasted 00:11:29 (2314 turns).

patchburns1 the Skirmisher (Hill Orc Fighter)       Turns: 2314, Time: 00:11:30

Health: -4/47      AC:  8    Str: 20    XL:     5   Next: 76%
Magic:  7/7        EV:  9    Int:  8    God:
Gold:   69         SH:  4    Dex: 10    Spells: 4/4 levels left

rFire   . . .      SeeInvis .   a - +0 war axe
rCold   . . .      Faith    .   c - +0 buckler
rNeg    . . .      Spirit   .   b - +0 scale mail
rPois   .          Reflect  .   m - +0 helmet
rElec   .          Harm     .   (no cloak)
rCorr   .          Rampage  .   (no gloves)
Will    .....                   (no boots)
Stlth   ..........              (no amulet)
HPRegen 0.15/turn               (no ring)
MPRegen 0.10/turn               (no ring)

@: lethally poisoned (-4 -> -7)
A: no striking features
a: no special abilities


You were on level 4 of the Dungeon.
You visited 1 branch of the dungeon, and saw 4 of its levels.

You collected 69 gold pieces.

Inventory:

Hand Weapons
 a - a +0 war axe (weapon)
Missiles
 g - 29 poisoned darts (quivered)
 j - 41 stones
 o - 35 arrows
 s - 15 bolts
Armour
 b - a +0 scale mail (worn)
 c - a +0 buckler (worn)
 m - a +0 helmet (worn)
 r - a +0 troll leather armour {Pargi}
Wands
 v - a wand of paralysis (2)
Scrolls
 e - a scroll of fear {unknown}
 f - 4 scrolls of identify {unknown}
 i - 3 scrolls of noise {unknown}
 k - 2 scrolls of teleportation {unknown}
 q - a scroll of acquirement {unknown}
 t - a scroll of fog {unknown}
 u - a scroll of torment {unknown}
Potions
 d - a potion of might
 h - a potion of attraction {unknown}
 l - a potion of lignification {unknown}
 n - a potion of heal wounds {unknown}
 p - 2 potions of mutation {unknown}
 w - a potion of degeneration {unknown}


   Skills:
 + Level 4.6 Fighting
 * Level 4.2 Axes
 + Level 4.2 Armour
 + Level 4.2 Shields
 * Level 2.9 Invocations
 + Level 0.1 Evocations


You had 4 spell levels left.
You didn't know any spells.
Your spell library contained the following spells:

 Spells                   Type           Power      Damage    Failure   Level
 Blink                    Tloc           0%         N/A       87%         2
 Manifold Assault         Tloc           0%         N/A       100%        5
 Storm Form               Tmut/Air       0%         N/A       100%        7


Dungeon Overview and Level Annotations

Branches:
Dungeon (4/15)
 Temple: D:4-7

Altars:

Annotations:
D:4 Menkaure


Message History

The orc hits you but does no damage. x2
The orc wizard casts a spell.
The orc wizard flickers and vanishes!
Deactivating autopickup; reactivate with Ctrl-A.
An adder comes into view.
The adder hisses angrily.
The adder bites you but does no damage.
You closely miss the adder. You slash the orc!
You kill the orc!
The adder bites you.
You are poisoned.
The adder poisons you!
Menkaure, Prince of Dust comes into view.
You block the adder's attack. The orc hits you but does no damage.
You closely miss the adder. You slash the orc!
You kill the orc!
You feel very sick. The adder bites you.
You are more poisoned.
The adder poisons you!
Menkaure gestures wildly while chanting.
Menkaure seems to speed up.
You block the orc's attack.
You closely miss the adder. You hit the orc.
You feel sick. The adder barely misses you. The orc misses you.
The adder bites you but does no damage.
The orc wizard casts a spell.
The orc wizard flickers and vanishes!
You slash the adder!
You kill the adder!
You slash Menkaure! You closely miss the orc.
You feel sick. Menkaure hits you. The orc hits you with a +0 dagger.
You hit the orc but do no damage.
The orc is almost dead.
You hit Menkaure but do no damage.
You feel sick. Menkaure hits you!
* * * LOW HITPOINT WARNING * * *
The orc misses you. Menkaure barely misses you.
You miss something. You hit Menkaure but do no damage.
You feel sick.
Menkaure points at you and mumbles some strange words.
Pain shoots through your body!
You die...

.# .# ##.###
.....#. #
##....... ..##
#..o....# .....##
#.......#
#....M###.......#
#.@{o.......#
#####.....###
###.#...# ....##
.##..# ## ##


You could see Menkaure (fast) and an orc.

Vanquished Creatures
  Pargi (D:3)
  Ijyb (D:3)
  4 adders
  2 worms
  3 orcs
  A ball python (D:3)
  5 endoplasms
  A giant cockroach (D:2)
  4 goblins
  7 hobgoblins
  3 bats
  3 frilled lizards
  3 kobolds (D:2)
38 creatures vanquished.

Vanquished Creatures (others)
  10 plants (D:1)
10 creatures vanquished.

Grand Total: 48 creatures vanquished

Notes
Turn   | Place    | Note
-------+----------+-------------------------------------------
     0 | D:1      | patchburns1 the Hill Orc Fighter began the quest for the
                  | Orb.
     0 | D:1      | Reached XP level 1. HP: 19/19 MP: 1/1
   484 | D:1      | Reached XP level 2. HP: 27/27 MP: 2/2
   528 | D:1      | Found a faded altar of an unknown god.
   905 | D:2      | Reached skill level 1 in Invocations
  1006 | D:2      | Reached XP level 3. HP: 33/33 MP: 3/3
  1522 | D:3      | Reached XP level 4. HP: 40/40 MP: 5/5
  1605 | D:3      | Noticed Pargi
  1625 | D:3      | Killed Pargi
  1626 | D:3      | Reached XP level 5. HP: 11/47 MP: 6/6
  2120 | D:3      | Noticed Ijyb
  2127 | D:3      | Paralysed by Ijyb for 5 turns
  2138 | D:3      | Killed Ijyb
  2309 | D:4      | Noticed Menkaure
  2314 | D:4      | Killed from afar by Menkaure

Illustrated notes

Levels and vault maps discovered:
D:1:      amcnicky_arrival_underground_garden, layout_rooms, serial_bayou,
          serial_bayou_crossing, serial_bayou_lake_a, serial_bayou_pond_e,
          serial_bayou_lagoon_b, hellmonk_ecumenical_altar_zigzags
D:2:      layout_basic, chequers_decorated_corner
D:3:      layout_rooms, chequers_serial_rivers_micro_d, uniq_pargi, uniq_ijyb
D:4:      layout_rooms, grunt_temple_overflow_gold_and_silver,
          mainiacjoe_overflow_alcove_4, lightli_sewer_entry_pipes,
          uniq_menkaure, uniq_blork_the_orc, uniq_duvessa

Skill      XL: |  1  2  3  4 |
---------------+-------------+-----
Axes           | 3 4 |  4.2
Invocations    | 1 2 |  2.9
Fighting       | 4 |  4.6
Armour         | 4 |  4.2
Shields        | 4 |  4.2
Evocations     | |  0.1

Action                   |  1- 3 |  4- 6 || total
-------------------------+-------+-------++-------
Melee: War axe           |    72 |    54 ||   126
Throw: Dart              |     3 |     5 ||     8
Armor: Scale mail        |    27 |    35 ||    62
Dodge: Dodged            |    21 |    34 ||    55
Block: Buckler           |    12 |    21 ||    33

Table legend: (Time is in decaauts)
 A = Elapsed time spent in this place.
 B = Non-inter-level travel time spent in this place.
 C = Inter-level travel time spent in this place.
 D = Time resting spent in this place.
 E = Time spent auto-exploring this place.
 F = Levels seen in this place.
 G = Mean time per level.
                   A        B        C        D        E       F      G
               +--------+--------+--------+--------+--------+-----+--------+
         Total |   2419 |   2419 |      0 |    378 |    955 |   4 |  604.8 |
       Dungeon |   2419 |   2419 |      0 |    378 |    955 |   4 |  604.8 |
               +--------+--------+--------+--------+--------+-----+--------+

Top non-repeatable levels by time:
     D:1: 888 daAuts
     D:3: 833 daAuts
     D:2: 681 daAuts
     D:4: 14 daAuts
